 Dungeon Crawl Stone Soup version 0.32-a0-120-gfac0567ad4 (webtiles) character file.

Game seed: 4622028851837179433

28 lunkers the Cudgeller (level 3, -1/37 HPs)
             Began as an Oni Gladiator on Feb 6, 2024.
             Was an Initiate of Ru.
             Hit by a goblin thrown by Robin (2 damage)
             ... on level 2 of the Dungeon on Feb 7, 2024.
             The game lasted 00:02:13 (1092 turns).

lunkers the Cudgeller (Oni Gladiator)               Turns: 1092, Time: 00:02:14

Health: -1/37      AC:  3    Str: 18    XL:     3   Next: 14%
Magic:  3/3        EV: 10    Int:  9    God:    Ru [......]
Gold:   57         SH:  0    Dex: 10    Spells: 2/2 levels left

rFire   . . .        a - +0 flail
rCold   . . .        (no shield)
rNeg    . . .        b - +0 robe
rPois   .            c - +0 hat
rElec   .            (no cloak)
rCorr   .            (gloves unavailable)
SInv    .            (boots unavailable)
Will    .....        (no amulet)
Stlth   +            (no ring)
HPRegen 0.26/turn    (no ring)
MPRegen 0.08/turn

%: no passive effects
@: no status effects
A: large, unfitting armour, horns 1, tough skin 1, double potion healing,
drunken brawling, mutation resistance 1, weak 1, persistent drain
a: Renounce Religion


You were on level 2 of the Dungeon.
You worshipped Ru.
Ru was noncommittal.
You visited 1 branch of the dungeon, and saw 2 of its levels.

You collected 57 gold pieces.

Inventory:

Hand Weapons
 a - a +0 flail (weapon)
Missiles
 d - 3 throwing nets
 e - a large rock
Armour
 b - a +0 robe (worn)
 c - a +0 hat (worn)
Scrolls
 g - 3 scrolls of fear {unknown}
 h - a scroll of acquirement {unknown}
 i - 2 scrolls of teleportation {unknown}
 k - a scroll of blinking {unknown}
 l - a scroll of butterflies {unknown}
 m - a scroll of poison {unknown}
Potions
 f - 2 potions of mutation
 j - 2 potions of curing {unknown}


   Skills:
 + Level 3.4 Fighting
 * Level 3.8 Maces & Flails
 - Level 2.0 Throwing
 - Level 2.6 Dodging


You had 2 spell levels left.
You didn't know any spells.
Your spell library was empty.

Dungeon Overview and Level Annotations

Branches:
Dungeon (2/15)

Altars:
Ru

Annotations:
D:2 Robin


Innate Abilities, Weirdness & Mutations

You are too large for most types of armour.
You have a pair of small horns on your head.
You have tough skin. (AC +1)
You gain doubled healing and magic from potions.
Whenever you drink a healing potion, you attack all around you.
You are somewhat resistant to further mutation.
You are weak. (Str -2)
Your health recovers twice as slowly from being drained.


Message History

The goblin hits you but does no damage.
The hobgoblin hits you but does no damage.
You hit the goblin.
You kill the goblin!
The goblin hits you but does no damage. The goblin hits you with a +0 dagger.
You barely miss the goblin.
The goblin shouts!
Your headbutt misses the goblin. The goblin barely misses you.
Robin says, "Bow before me, strongest of all the hobgoblins!"
The hobgoblin hits you. The goblin closely misses you.
The goblin hits you with a +0 dagger.
You barely miss the goblin. Robin throws the goblin at you!
The hobgoblin barely misses you. The goblin hits you with a +0 club.
* * * LOW HITPOINT WARNING * * *
The goblin barely misses you. The goblin hits you with a +0 dagger.
* * * LOW HITPOINT WARNING * * *
The goblin hits you with a +0 dagger.
* * * LOW HITPOINT WARNING * * *
It was a potion of mutation.
You feel extremely strange.
You begin to recover more slowly from draining effects.
You feel weaker.
You feel genetically stable.
The hobgoblin hits you but does no damage.
The goblin hits you but does no damage. x2
The goblin hits you with a +0 dagger.
* * * LOW HITPOINT WARNING * * *
The goblin hits you with a +0 club.
* * * LOW HITPOINT WARNING * * *
You hit the goblin.
You kill the goblin!
The goblin closely misses you. Robin throws the goblin at you!
The hobgoblin closely misses you. The goblin hits you with a +0 dagger.
* * * LOW HITPOINT WARNING * * *
The goblin closely misses you. The goblin hits you with a +0 dagger.
* * * LOW HITPOINT WARNING * * *
You thump the goblin!
You kill the goblin!
Robin throws the goblin at you!
You die...
Robin calls out, "Let's celebrate!
Time for a feast!"
Ru respects your ultimate sacrifice.

#..##.# #.##
#..##.####.#### #.
#......[......####.
#.....####.........
#..#### ####.####.
#..# #...###.
##..#########.......
#..gg..............>
#.g@#######.........


#ggg# #.#######. #..g# #. ##.. ##gg# #. #... #..# #... #... . #... #..#
....####.. #..# #....... ######## You could see Robin, 3 hobgoblins and 5
goblins.

Vanquished Creatures
  2 dart slugs
  A bat (D:1)
  3 endoplasms (D:1)
  3 goblins (D:2)
  A hobgoblin (D:1)
  4 jackals (D:2)
  5 kobolds (D:1)
  A quokka (D:2)
  A ball python (D:1)
  2 rats (D:1)
23 creatures vanquished.

Notes
Turn   | Place    | Note
-------+----------+-------------------------------------------
     0 | D:1      | lunkers the Oni Gladiator began the quest for the Orb.
     0 | D:1      | Reached XP level 1. HP: 22/22 MP: 1/1
   176 | D:1      | Reached XP level 2. HP: 13/31 MP: 2/2
   788 | D:2      | Found a sacrificial altar of Ru.
   805 | D:2      | Became a worshipper of Ru the Awakened
  1060 | D:2      | Reached XP level 3. HP: 37/37 MP: 3/3
  1083 | D:2      | Noticed Robin
  1090 | D:2      | Gained mutation: Your health recovers twice as slowly from
                  | being drained. [potion of mutation]
  1090 | D:2      | Gained mutation: You are weak. (Str -2) [potion of
                  | mutation]
  1090 | D:2      | Gained mutation: You are somewhat resistant to further
                  | mutation. [potion of mutation]
  1091 | D:2      | HP: 1/37 [goblin/+0 dagger[Robin] (1)]
  1092 | D:2      | Hit by a goblin thrown by Robin

Illustrated notes

Levels and vault maps discovered:
D:1:      lemuel_arrival_cross, layout_basic, nicolae_eternal_life
D:2:      layout_loops_ring, basic_altar, minmay_nonomino_d4, uniq_robin

Skill      XL: |  1 |
---------------+----+-----
Fighting       | 3 |  3.4
Maces & Flails | |  3.8
Throwing       | |  2.0
Dodging        | |  2.6

Action                     || total
---------------------------++-------
  Melee: Flail             ||    53
         Headbutt          ||     7
    Use: Potion            ||     1
 Armour: Robe              ||    62
  Dodge: Dodged            ||    45

Table legend: (Time is in decaauts)
 A = Elapsed time spent in this place.
 B = Non-inter-level travel time spent in this place.
 C = Inter-level travel time spent in this place.
 D = Time resting spent in this place.
 E = Time spent auto-exploring this place.
 F = Levels seen in this place.
 G = Mean time per level.
                   A        B        C        D        E       F      G
               +--------+--------+--------+--------+--------+-----+--------+
         Total |   1103 |   1072 |     31 |      0 |    916 |   2 |  551.5 |
       Dungeon |   1103 |   1072 |     31 |      0 |    916 |   2 |  551.5 |
               +--------+--------+--------+--------+--------+-----+--------+

Top non-repeatable levels by time:
     D:1: 779 daAuts
     D:2: 323 daAuts
